Map: Ever Dream LE

Players

Kas

  • Race: Terran Terran
  • League: Grandmaster
  • Spawn Location: 7:00

LiquidClem (Clem) - Winner!

  • Race: Terran Terran
  • League: Master
  • Spawn Location: 1:00

Event: DreamHack SC2 Masters 2020 Summer Europe

VOD

Have the link to the VOD?

Description

Time

  • Played on: July 1, 2020, 11:10 a.m.
  • Length: 9:30

All games in this series

Show
View Real Time Build Order
Export as new Build Order

Kas Terran 

Build Orders: Cyclone Opening 

Get SALT Encoding   

  12  0:00  SCV  
  13  0:12  SCV  
  14  0:17  Supply Depot  
  14  0:25  SCV  
  15  0:32  Refinery  
  15  0:38  SCV  
  16  0:44  Barracks  
  16  0:50  SCV  
  16  0:54  Refinery  
  17  1:03  SCV  
  18  1:15  SCV  
  19  1:31  Orbital Command  
  19  1:32  Factory  
  19  1:36  Reaper  
  20  1:44  Supply Depot  
  20  1:57  SCV  
  21  2:08  Reaper  
  21  2:09  SCV  
  21  2:15  Hellion  
  25  2:21  SCV  
  26  2:26  Command Center  
  26  2:33  SCV  
  27  2:37  Supply Depot, Factory Tech Lab  
  27  2:41  Barracks Reactor  
  27  2:45  SCV  
  28  2:56  Cyclone  
  31  2:59  SCV  
  31  3:01  Starport  
  32  3:11  SCV  
  33  3:18  Marine x2  
  35  3:20  Refinery  
  35  3:23  SCV  
  36  3:29  Siege Tank  
  39  3:37  Orbital Command, SCV  
  39  3:40  Starport Tech Lab  
  40  3:43  Marine  
  40  3:44  Marine  
  42  3:49  SCV  
  43  3:59  Raven  
  43  4:01  Supply Depot, SCV  
  46  4:03  SCV  
  47  4:11  Marine x2  
  47  4:14  SCV  
  47  4:15  SCV  
  47  4:16  Siege Tank  
  54  4:26  SCV  
  54  4:29  Marine x2  
  56  4:42  Command Center  
  56  4:43  Raven  
  56  4:44  SCV  
  56  4:45  SCV  
  59  4:53  Supply Depot, Marine  
  59  4:55  Supply Depot  
  59  4:56  SCV  
  59  4:57  Marine  
  62  5:09  Siege Tank, SCV x2  
  67  5:20  Engineering Bay  
  67  5:21  SCV x2  
  67  5:22  Engineering Bay  
  69  5:31  Stimpack, Marine  
  69  5:33  Refinery, SCV  
  69  5:34  Viking x2  
  75  5:37  SCV  
  76  5:44  Siege Tank  
  76  5:46  SCV  
  76  5:49  SCV  
  81  5:52  Supply Depot  
  81  5:53  Supply Depot  
  81  5:57  Orbital Command  
  81  5:59  SCV  
  81  6:02  SCV  
  81  6:04  Marine  
  83  6:10  Viking  
  85  6:11  Viking  
  85  6:17  Terran Infantry Weapons Level 1  
  85  6:18  Terran Infantry Armor Level 1  
  87  6:20  SCV  
  87  6:21  Orbital Command, SCV  
  89  6:30  Reaper  
  90  6:35  Siege Tank  
  90  6:39  SCV x2  
  93  6:40  Barracks  
  93  6:41  Barracks  
  93  6:45  Viking  
  93  6:46  SCV, Viking  
  98  6:51  SCV x2  
  99  7:02  Marine  
  95  7:15  SCV x2  
  95  7:19  Marine  
  96  7:24  Siege Tank  
  96  7:25  Viking x2  
  96  7:27  Barracks  
  96  7:28  Barracks  
  102  7:30  Supply Depot  
  102  7:31  SCV x2  
  102  7:35  SCV  
  105  7:37  Marine  
  105  7:39  Armory  
  105  7:43  SCV x2  
  101  7:48  Orbital Command  
  89  7:53  Barracks Reactor x2  
  89  7:55  Marine, Viking  
  89  7:56  SCV  
  86  8:07  Siege Tank, Viking  
  87  8:13  Marine  
  87  8:19  Barracks Reactor  
  86  8:20  Barracks Reactor  
  86  8:24  Orbital Command, SCV x2  
  86  8:25  Supply Depot  
  85  8:30  Supply Depot  
  85  8:31  Marine  
  85  8:34  Marine x3  
  83  8:35  Medivac  
  83  8:36  Marine  
  88  8:41  Medivac  
  88  8:45  SCV  
  88  8:46  Supply Depot  
  91  8:48  Marine  
  91  8:50  SCV x2  
  91  8:51  Marine  
  91  8:53  Marine x2  
  91  8:54  Siege Tank  
  100  8:57  Marine x4, SCV  
  105  9:03  SCV  
  105  9:05  Marine  
  105  9:06  Marine  
  105  9:07  Refinery  
  108  9:12  Marine  
  109  9:23  Refinery  
Show
View Real Time Build Order
Export as new Build Order

LiquidClem Terran - Winner!

Build Orders:  

Get SALT Encoding   

  12  0:00  SCV  
  13  0:12  SCV  
  14  0:17  Supply Depot  
  14  0:24  SCV  
  15  0:31  Refinery  
  15  0:38  SCV  
  16  0:44  Barracks  
  16  0:50  SCV  
  16  0:54  Refinery  
  17  1:02  SCV  
  18  1:15  SCV  
  19  1:31  Orbital Command  
  19  1:32  Reaper  
  20  1:34  Factory  
  20  1:42  Supply Depot  
  20  1:57  SCV  
  21  2:04  Reaper  
  22  2:09  SCV  
  23  2:18  Hellion  
  25  2:23  Command Center  
  25  2:26  SCV  
  26  2:35  Supply Depot  
  26  2:39  SCV  
  26  2:40  Hellion  
  26  2:42  Barracks Reactor  
  29  2:49  Starport  
  29  2:52  SCV  
  30  3:01  Factory Tech Lab  
  30  3:04  SCV  
  31  3:16  SCV  
  31  3:18  Marine x2  
  34  3:20  Siege Tank  
  34  3:24  Refinery  
  37  3:28  SCV  
  38  3:34  Medivac  
  38  3:36  Marine  
  38  3:39  Orbital Command, Marine  
  38  3:41  SCV  
  43  3:53  SCV  
  43  3:55  Cyclone  
  47  3:59  Supply Depot  
  47  4:00  Marine x2  
  49  4:05  SCV  
  49  4:07  SCV  
  49  4:08  Starport Tech Lab  
  51  4:17  Supply Depot, SCV  
  51  4:20  Marine x2  
  51  4:24  SCV  
  55  4:26  Raven  
  55  4:30  SCV  
  57  4:36  SCV  
  57  4:38  Marine x2  
  60  4:42  SCV  
  60  4:44  Siege Tank  
  64  4:46  Supply Depot  
  64  4:48  SCV  
  65  4:54  SCV  
  65  4:59  Command Center  
  66  5:03  Supply Depot  
  66  5:05  SCV  
  66  5:06  SCV  
  68  5:10  Marine x2  
  70  5:15  Raven  
  70  5:17  SCV  
  70  5:18  SCV  
  74  5:21  Siege Tank  
  77  5:29  Refinery  
  77  5:30  SCV x2  
  79  5:36  Supply Depot  
  79  5:42  SCV  
  80  5:43  SCV  
  80  5:47  Barracks  
  80  5:48  Barracks  
  81  5:54  Supply Depot, SCV  
  81  5:55  SCV  
  82  5:57  Siege Tank  
  85  6:10  Stimpack  
  85  6:11  Viking x2  
  89  6:12  Orbital Command  
  89  6:14  Marine  
  89  6:15  SCV  
  89  6:17  SCV  
  92  6:26  Supply Depot  
  92  6:27  SCV  
  92  6:32  Siege Tank, Marine  
  97  6:33  Orbital Command  
  97  6:36  Engineering Bay  
  97  6:37  Engineering Bay  
  97  6:38  SCV  
  97  6:39  SCV  
  98  6:43  Viking x2  
  98  6:44  Barracks Reactor x2  
  101  6:50  Marine  
  101  6:51  SCV  
  101  6:52  Supply Depot  
  103  6:59  SCV  
  103  7:00  SCV  
  104  7:04  Terran Infantry Weapons Level 1, Terran Infantry Armor Level 1  
  104  7:08  Marine  
  101  7:10  Siege Tank  
  101  7:12  SCV  
  101  7:15  Viking  
  103  7:18  Viking  
  103  7:21  Supply Depot  
  103  7:22  Marine x2  
  105  7:23  Marine  
  105  7:24  Marine  
  105  7:25  Marine, SCV  
  105  7:28  SCV x2  
  111  7:37  SCV, Barracks  
  111  7:39  Marine  
  111  7:40  Marine  
  111  7:41  Marine  
  111  7:42  Marine  
  116  7:44  Marine, Barracks  
  116  7:45  SCV  
  118  7:53  Viking x2  
  118  7:57  Marine, SCV x3  
  122  8:05  Combat Shield  
  122  8:07  Siege Tank, Marine  
  122  8:11  Marine x2  
  124  8:13  SCV x2  
  124  8:14  Marine  
  127  8:20  Supply Depot  
  127  8:21  Refinery  
  127  8:22  Sensor Tower  
  127  8:23  Refinery, Marine  
  127  8:24  SCV  
  127  8:25  Armory, SCV  
  130  8:29  Marine  
  130  8:31  Barracks Reactor x2  
  130  8:33  SCV  
  130  8:36  Medivac  
  130  8:37  Marine  
  130  8:38  SCV  
  134  8:42  Siege Tank, Supply Depot  
  134  8:45  Marine  
  134  8:46  Marine  
  134  8:48  Marine  
  140  8:49  Marine  
  141  8:55  Marine  
  141  8:56  Armory  
  141  8:57  Command Center  
  142  9:03  Marine  
  142  9:07  Supply Depot  
  143  9:11  Factory, Marine x3  
Tags
 
Add a new tag
Caveats
  • Supply blocks, unpowered buildings, or Contaminate may cause inaccurate times.
  • Supply counts are checked every 10 seconds.